Map: Ice and Chrome LE

Players

Serral - Winner!

  • Race: Zerg Zerg
  • Spawn Location: 1:00

Stats

  • Race: Protoss Protoss
  • Spawn Location: 7:00

Event: StayAtHomestory Cup #2

VOD

Have the link to the VOD?

Description

Time

  • Played on: June 13, 2020, 6:46 a.m.
  • Length: 10:04

All games in this series

Show
View Real Time Build Order
Export as new Build Order

Serral Zerg - Winner!

Build Orders: Hatch First 

Get SALT Encoding   

  12  0:00  Drone  
  13  0:12  Overlord  
  13  0:17  Drone  
  14  0:31  Drone x2  
  16  0:41  Drone  
  17  0:52  Hatchery  
  17  0:55  Drone  
  17  0:58  Drone  
  18  1:09  Extractor  
  17  1:15  Spawning Pool  
  17  1:16  Drone  
  17  1:19  Drone  
  18  1:29  Drone  
  19  1:39  Drone  
  20  1:47  Hatchery  
  20  1:50  Drone  
  20  2:02  Drone  
  20  2:03  Queen  
  20  2:06  Zergling x2  
  24  2:16  Queen  
  24  2:21  Overlord  
  26  2:25  Drone  
  26  2:27  Drone  
  28  2:36  Metabolic Boost  
  28  2:40  Zergling x2  
  28  2:43  Drone x3  
  32  2:50  Queen  
  33  2:58  Overlord  
  33  3:07  Spore Crawler  
  33  3:09  Queen  
  33  3:10  Drone x2  
  37  3:13  Drone  
  37  3:14  Drone  
  41  3:20  Drone x2  
  41  3:26  Zergling x4  
  43  3:29  Zergling x2  
  43  3:30  Drone  
  45  3:34  Overlord  
  45  3:35  Drone  
  45  3:37  Drone  
  47  3:43  Drone x2  
  47  3:44  Drone  
  50  3:52  Queen  
  50  3:53  Overlord  
  52  3:57  Drone  
  52  3:58  Baneling Nest  
  52  3:59  Drone  
  52  4:00  Drone  
  52  4:02  Drone  
  55  4:03  Drone  
  55  4:05  Drone  
  55  4:08  Drone  
  55  4:09  Overlord  
  58  4:12  Zergling x2  
  59  4:18  Spine Crawler, Zergling x4  
  59  4:23  Spore Crawler  
  59  4:24  Zergling x4  
  59  4:25  Spore Crawler  
  59  4:30  Zergling x6  
  62  4:32  Spore Crawler  
  62  4:33  Zergling x2  
  62  4:34  Zergling x2  
  63  4:38  Overlord  
  63  4:39  Zergling x2  
  63  4:40  Zergling x2  
  63  4:45  Overlord  
  66  4:47  Overlord  
  66  4:48  Zergling x6  
  69  4:52  Baneling  
  69  4:53  Baneling x5  
  69  4:56  Lair  
  69  5:00  Zergling x6  
  69  5:03  Overlord  
  72  5:09  Zergling x8  
  72  5:12  Queen  
  78  5:16  Queen  
  78  5:19  Baneling  
  78  5:20  Baneling x3  
  80  5:26  Extractor  
  80  5:27  Zergling x4  
  81  5:28  Roach Warren  
  79  5:37  Zergling x8  
  79  5:40  Drone x4  
  79  5:41  Baneling x2  
  87  5:45  Zergling x8  
  90  5:51  Drone x2  
  92  5:58  Drone x3  
  92  6:02  Overlord, Baneling x3  
  95  6:05  Spine Crawler  
  95  6:08  Roach x2  
  98  6:14  Overlord  
  98  6:15  Overlord  
  98  6:20  Overlord  
  98  6:21  Roach x2  
  98  6:22  Roach  
  104  6:29  Roach  
  104  6:31  Overlord x2  
  104  6:32  Overlord  
  105  6:44  Roach x4  
  105  6:47  Extractor  
  112  6:48  Extractor  
  112  6:49  Drone x4  
  112  6:50  Drone  
  116  6:56  Drone  
  112  7:02  Drone x2  
  112  7:07  Drone  
  113  7:11  Glial Reconstitution  
  113  7:13  Drone x2  
  113  7:15  Evolution Chamber  
  114  7:20  Extractor  
  114  7:21  Drone  
  114  7:22  Drone  
  114  7:28  Drone  
  115  7:31  Hatchery  
  115  7:32  Drone x2  
  115  7:36  Overlord  
  113  7:39  Drone x2  
  113  7:40  Drone x2  
  113  7:42  Zerg Melee Weapons Level 1  
  113  7:43  Centrifical Hooks  
  117  7:45  Drone x2  
  117  7:47  Hatchery  
  117  7:49  Overseer  
  117  7:56  Roach x4  
  117  7:58  Drone  
  125  8:00  Drone x3  
  128  8:09  Roach x4, Extractor  
  135  8:16  Ravager x4  
  140  8:20  Zergling x10  
  140  8:26  Baneling  
  140  8:27  Baneling x3  
  143  8:34  Zergling x10  
  143  8:35  Zergling x2  
  143  8:36  Overlord x3  
  143  8:39  Ravager x2  
  150  8:41  Zergling x4  
  152  8:50  Zergling x8  
  155  9:02  Zergling x12  
  153  9:04  Baneling x9  
  153  9:05  Baneling x7  
  153  9:12  Zergling x16  
  153  9:16  Overlord  
  161  9:19  Evolution Chamber  
  161  9:22  Baneling  
  161  9:23  Baneling x6  
  160  9:27  Ravager x3  
  163  9:31  Drone x2  
  163  9:32  Drone x2  
  163  9:35  Zergling x16  
Show
View Real Time Build Order
Export as new Build Order

Stats Protoss 

Build Orders: 1 Gate Expand, Mass Adepts 

Get SALT Encoding   

  12  0:01  Probe  
  13  0:14  Probe, Pylon  
  14  0:22  Probe  
  15  0:32  Probe  
  16  0:41  Gateway  
  16  0:44  Probe  
  16  0:47  Assimilator  
  17  0:56  Probe  
  18  1:08  Probe  
  19  1:20  Probe  
  20  1:27  Nexus  
  20  1:35  Cybernetics Core  
  20  1:38  Probe  
  21  1:44  Assimilator  
  21  1:50  Probe  
  21  1:53  Pylon  
  22  2:01  Adept  
  22  2:02  Probe  
  23  2:11  Warp Gate  
  23  2:14  Probe  
  26  2:21  Adept  
  26  2:26  Probe  
  27  2:36  Probe  
  29  2:38  Probe  
  29  2:41  Twilight Council  
  31  2:44  Probe  
  31  2:50  Probe  
  33  2:51  Stalker  
  33  2:58  Probe  
  35  3:02  Resonating Glaives  
  35  3:03  Probe  
  35  3:04  Robotics Facility  
  37  3:12  Gateway  
  37  3:17  Probe x2  
  39  3:34  Gateway  
  39  3:36  Gateway  
  39  3:39  Pylon  
  39  3:41  Probe x2, Warp Prism  
  41  3:54  Pylon  
  43  3:58  Probe x2  
  45  4:04  Assimilator  
  45  4:06  Adept x2  
  49  4:14  Probe x2, Pylon  
  51  4:17  Observer  
  52  4:27  Pylon  
  53  4:31  Probe x2  
  53  4:35  Adept x4  
  62  4:49  Probe x2  
  62  4:50  Assimilator  
  64  4:55  Adept  
  64  4:56  Adept x3  
  72  5:03  Pylon  
  72  5:04  Probe x2, Pylon  
  74  5:17  Adept x2  
  74  5:21  Adept x2  
  80  5:25  Shield Battery  
  82  5:31  Pylon  
  80  5:39  Adept x2  
  80  5:41  Adept  
  80  5:42  Adept  
  88  5:54  Probe x2  
  90  6:02  Adept x4  
  98  6:05  Pylon  
  98  6:24  Pylon  
  98  6:26  Pylon  
  98  6:29  Pylon  
  98  6:38  Nexus  
  98  6:40  Pylon  
  98  6:46  Immortal  
  102  6:51  Adept x4  
  110  7:00  Probe x2  
  104  7:01  Forge  
  94  7:10  Blink  
  94  7:11  Gateway  
  94  7:13  Sentry x3, Gateway  
  94  7:14  Sentry, Protoss Ground Weapons Level 1  
  102  7:17  Shield Battery  
  102  7:18  Probe x2  
  104  7:26  Immortal  
  107  7:40  Probe x2  
  109  7:50  Gateway x2  
  109  7:51  Probe  
  109  7:52  Probe x2  
  109  7:56  Immortal  
  112  8:03  Probe  
  112  8:04  Probe x2  
  119  8:06  Shield Battery  
  119  8:13  Stalker x4  
  127  8:26  Assimilator x2  
  127  8:30  Warp Prism  
  129  8:49  Probe x3  
  129  8:51  Templar Archives  
  129  8:52  Stalker x3  
  95  9:03  Probe x3  
  95  9:04  Immortal  
  95  9:05  Stalker x4  
  95  9:06  Stalker  
  112  9:22  Shield Battery  
  112  9:23  Shield Battery  
  112  9:25  Shield Battery  
  112  9:26  Probe x3  
  115  9:37  Adept x2  
  119  9:39  Adept  
  95  9:53  Stalker x4  
  95  9:58  Stalker  
Tags
 
Add a new tag
Caveats
  • Supply blocks, unpowered buildings, or Contaminate may cause inaccurate times.
  • Supply counts are checked every 10 seconds.